 Dungeon Crawl Stone Soup version 0.29-a0-553-g81b289dbe5 (webtiles) character file.

Game seed: 4669639116766260503

7 shadowstone the Magician (level 2, 0/21 HPs)
             Began as a Djinni Ice Elementalist on June 6, 2022.
             Was a Follower of Uskayaw.
             Slain by a kobold
             ... wielding a +0 dagger
              (1 damage)
             ... on level 1 of the Dungeon.
             The game lasted 00:03:35 (1091 turns).

shadowstone the Magician (Djinni Ice Elementalist)  Turns: 1091, Time: 00:03:35

Health: 0/21       AC:  2    Str:  7    XL:     2   Next: 10%
Gold:   5          EV: 12    Int: 16    God:    Uskayaw [*.....] SH:  0 Dex: 13

rFire   + + .      SeeInvis .   f - +0 short sword
rCold   x . .      Faith    .   (no shield)
rNeg    . . .      Spirit   .   a - +0 robe
rPois   ∞          Reflect  .   (no helmet)
rElec   .          Harm     .   (no cloak)
rCorr   .          Rampage  .   (no gloves)
Will    .....                   (boots unavailable)
Stlth   ++........              (no amulet)
HPRegen 0.07/turn               (no ring)
MPRegen 0.00/turn               (no ring)

@: flying
A: sickness immunity, fire resistance 2, cold vulnerability 1, float, innate
caster, HP casting, extra vitality 1
a: Renounce Religion, Stomp


You were on level 1 of the Dungeon.
You worshipped Uskayaw.
Uskayaw was noncommittal.
You visited 1 branch of the dungeon, and saw 1 of its levels.

You collected 5 gold pieces.

Inventory:

Hand Weapons
 f - a +0 short sword (weapon)
Armour
 a - a +0 robe (worn)
Scrolls
 b - a scroll of noise {unknown}
 c - a scroll of blinking {unknown}
Potions
 e - a potion of heal wounds {unknown}


   Skills:
 + Level 2.2 Dodging
 + Level 1.6 Stealth
 + Level 3.5 Spellcasting


You couldn't memorise any spells.
You knew the following spells:

 Your Spells              Type           Power      Damage    Failure   Level
a - Freeze                Ice            56%        1d7       4%          1
b - Frozen Ramparts       Ice            28%        1d4       12%         3
c - Ozocubu's Armour      Ice            14%        N/A       12%         3
d - Hailstorm             Conj/Ice       14%        3d5       38%         4
Your spell library was empty.

Dungeon Overview and Level Annotations

Branches:
Dungeon (1/15)

Altars:
Uskayaw

Shops:
D:1 !


Innate Abilities, Weirdness & Mutations

You are immune to sickness and miasma.
You are immune to poison.
Your flesh is very heat resistant. (rF++)
You are vulnerable to cold. (rC-)
You float through the air rather than walking.
You learn spells naturally, not from books.
Your magical power is your life essence.
You have superior vitality. (+4 MHP)


Message History

You hit the frilled lizard but do no damage.
You punch the frilled lizard.
You kill the frilled lizard!
You start resting.
A kobold is nearby!
A kobold is nearby!
A kobold is nearby!
The kobold shouts!
The kobold hits you with a +0 dagger. The kobold hits you with a +0 dagger.
You see here a quokka corpse.
You barely miss the kobold. The kobold barely misses you.
You miss the kobold. Your punch misses the kobold.
The kobold hits you with a +0 dagger.
You closely miss the kobold. The kobold misses you.
You miss the kobold. The kobold hits you with a +0 dagger.
A kobold comes into view. It is wielding a +0 short sword.
You barely miss the kobold.
The kobold shouts!
You hear a shout!
The kobold hits you but does no damage.
You closely miss the kobold. The kobold barely misses you.
The kobold misses you.
You closely miss the kobold. The kobold misses you.
You barely miss the kobold. The kobold closely misses you.
You barely miss the kobold.
The kobold hits you with a +0 short sword.
The kobold closely misses you.
You barely miss the kobold. The kobold closely misses you.
The kobold hits you with a +0 dagger.
You closely miss the kobold.
The kobold hits you with a +0 short sword.
The kobold misses you.
You barely miss the kobold.
The kobold hits you with a +0 short sword.
* * * LOW HITPOINT WARNING * * *
The kobold barely misses you.
The kobold hits you with a +0 short sword.
* * * LOW HITPOINT WARNING * * *
You barely miss the kobold. The kobold hits you with a +0 dagger.
You die...

..,,*
#..#.##....######.#.....#.#
#**** #..#.##∩##.#
#..>........
#######.r#.##.##.#
#.#######.##
...........##.##.# #.# #.#
##.#####.####....# #.# #.#
#.# #......##..# #.# #.#
#.# #..###.##..# #.# #.##
##.## #..###.##..# #.# #...
#...###..##...#.@#####.#
####
#.........÷.....KK.....# #
#...####.....(##.##.#### #
##.............).##..# #
)..........#########.# #
##..#####.## *****K#** #
#.[# #.# *,*,*.P,*** #
*#..#** #.# **,*,..P*,* #
,....,**#.# *,,,K..P** #


You could see 2 kobolds.

Vanquished Creatures
  A quokka (D:1)
  3 ball pythons (D:1)
  A frilled lizard (D:1)
  3 kobolds (D:1)
  2 rats (D:1)
10 creatures vanquished.

Vanquished Creatures (others)
  18 plants (D:1)
18 creatures vanquished.

Grand Total: 28 creatures vanquished

Notes
Turn   | Place    | Note
-------+----------+-------------------------------------------
     0 | D:1      | shadowstone the Djinni Ice Elementalist began the quest for
                  | the Orb.
     0 | D:1      | Reached XP level 1. HP: 15/15 MP: 0/0
   937 | D:1      | Found Merghajo's Distillery.
   938 | D:1      | Found a faded altar of an unknown god.
   955 | D:1      | Prayed at the altar of an unknown god.
   955 | D:1      | Became a worshipper of Uskayaw the Reveller
   955 | D:1      | Reached * piety under Uskayaw
   974 | D:1      | Reached XP level 2. HP: 15/21 MP: 0/0
  1090 | D:1      | HP: 1/21 [kobold/+0 short sword (3)]
  1091 | D:1      | Slain by a kobold

Illustrated notes

Levels and vault maps discovered:
D:1:      dpeg_arrival_solitude, layout_loops_ring,
          ebering_ecumenical_altar_sacrificial, serial_shops, shop,
          minivault_26, corexii_corridor_pit, lexackson_kobold_supper

Action                   || total
-------------------------++-------
Melee: Unarmed           ||    14
       Short sword       ||    28
       Punch             ||     1
 Cast: Freeze            ||     4
  Use: Scroll            ||     1
Armor: Robe              ||    11
Dodge: Dodged            ||    38

Table legend: (Time is in decaauts)
 A = Elapsed time spent in this place.
 B = Non-inter-level travel time spent in this place.
 C = Inter-level travel time spent in this place.
 D = Time resting spent in this place.
 E = Time spent auto-exploring this place.
 F = Levels seen in this place.
 G = Mean time per level.
                   A        B        C        D        E       F      G
               +--------+--------+--------+--------+--------+-----+--------+
         Total |   1093 |   1076 |     17 |    666 |      0 |   1 | 1093.0 |
       Dungeon |   1093 |   1076 |     17 |    666 |      0 |   1 | 1093.0 |
               +--------+--------+--------+--------+--------+-----+--------+

Top non-repeatable levels by time:
     D:1: 1093 daAuts
